 Dungeon Crawl Stone Soup version 0.28.0-45-g0d030f2227 (webtiles) character file.

Game seed: 11979051261292911048

2732 acdeimund the Conjurer (level 9, -1/62 HPs)
             Began as a Human Conjurer on Apr 11, 2022.
             Was a Follower of Sif Muna.
             Engulfed by a steam dragon's steam (18 damage)
             ... on level 7 of the Dungeon.
             The game lasted 00:46:39 (8732 turns).

acdeimund the Conjurer (Human Conjurer)             Turns: 8732, Time: 00:46:40

Health: -1/62      AC:  5    Str:  8    XL:     9   Next: 99%
Magic:  10/16      EV: 16    Int: 23    God:    Sif Muna [*.....]
Gold:   196        SH:  5    Dex: 11    Spells: 4/17 levels left

rFire   . . .      SeeInvis .   t - +2 whip (elec)
rCold   . . .      Faith    .   w - +0 buckler
rNeg    . . .      Spirit   .   a - +0 robe
rPois   .          Reflect  .   D - +2 hat
rElec   .          Harm     .   q - +0 cloak
rCorr   .          Rampage  .   (no gloves)
Will    .....                   (no boots)
Stlth   +++.......              h - amulet of magic regeneration
HPRegen 0.20/turn               u - ring of wizardry
MPRegen 0.55/turn               v - +4 ring of evasion

@: sluggish, very slow
A: no striking features
a: Renounce Religion, Channel Magic


You were on level 7 of the Dungeon.
You worshipped Sif Muna.
Sif Muna was aware of your devotion.
You visited 1 branch of the dungeon, and saw 7 of its levels.
You also visited: Ossuary.

You collected 196 gold pieces.

Inventory:

Hand Weapons
 c - a +0 dagger
 f - a +2 dagger of holy wrath
 l - a +1 spear of venom
 p - a +3 quarterstaff of chaos
 t - a +2 whip of electrocution (weapon)
 x - a +0 trident of venom
Armour
 a - a +0 robe (worn)
 e - a +0 helmet
 q - a +0 cloak (worn)
 w - a +0 buckler (worn)
 D - a +2 hat (worn)
Jewellery
 h - an amulet of magic regeneration (around neck)
 u - a ring of wizardry (left hand)
 v - a +4 ring of evasion (right hand)
Wands
 o - a wand of polymorph (10)
Scrolls
 g - a scroll of summoning
 k - a scroll of silence
 m - 5 scrolls of teleportation
 r - 3 scrolls of magic mapping
 y - a scroll of amnesia
 F - a scroll of fear {unknown}
 G - a scroll of brand weapon {unknown}
Potions
 b - a potion of flight
 d - a potion of lignification
 i - a potion of brilliance
 n - 2 potions of heal wounds
 s - 6 potions of curing
 z - 2 potions of haste
 A - 2 potions of invisibility
 B - a potion of attraction


   Skills:
 + Level 2.7 Fighting
 + Level 4.3 Dodging
 + Level 4.7 Stealth
 + Level 5.1 Shields
 + Level 4.8 Spellcasting
 + Level 7.5 Conjurations
 - Level 5.0 Translocations
 - Level 2.3 Air Magic


You had 4 spell levels left.
You knew the following spells:

 Your Spells              Type           Power      Damage    Failure   Level
a - Magic Dart            Conj           100%       1d8       1%          1
b - Searing Ray           Conj           80%        2d7       1%          2
c - Dazzling Flash        Conj/Hex       44%        N/A       3%          3
d - Iskenderun's Mystic   Conj/Tloc      34%        2d8       3%          4
e - Swiftness             Air            16%        N/A       6%          3

Your spell library contained the following spells:

 Spells                   Type           Power      Damage    Failure   Level
 Shock                    Conj/Air       100%       1d9       1%          1
 Corpse Rot               Necr/Air       20%        N/A       4%          2
 Poisonous Vapours        Pois/Air       20%        N/A       4%          2
 Fulminant Prism          Conj/Hex       11%        3d9       11%         4
 Airstrike                Air            8%         N/A       19%         4
 Summon Forest            Summ/Tloc      8%         N/A       43%         5
 Summon Mana Viper        Hex/Summ       5%         N/A       77%         5
 Summon Cactus Giant      Summ           2%         N/A       99%         6


Dungeon Overview and Level Annotations

Branches:
Dungeon (7/15)            Ossuary (visited)
 Temple: D:4-7

Altars:
Fedhas
Nemelex Xobeh
Okawaru
Sif Muna
Uskayaw
Wu Jian
Zin
The Shining One

Shops:
D:2 (

Portals:
Abyss: D:7

Annotations:
D:7 2 transporters, terff's ghost, novice HuFi


Message History

Blink to where?
Press: ? - help, Dir - move target
As you read the scroll of blinking, it crumbles to dust.
Okay, then.
Casting: Iskenderun's Mystic Blast (dangerous; 4% risk of failure)
Confirm with . or Enter, or press ? or * to list all spells.
You feel quick. You block the water moccasin's attack.
The water moccasin bites you but does no damage.
As you read the scroll of fog, it crumbles to dust.
The scroll dissolves into smoke.
You start to feel a little slower.
The water moccasin barely misses you.
Casting: Swiftness (dangerous; 6% risk of failure)
Confirm with . or Enter, or press ? or * to list all spells.
You erupt in a blast of force!
The mystic blast hits the water moccasin!
The water moccasin is heavily wounded.
The water moccasin is knocked back by the mystic blast.
You feel sluggish.
Casting: Iskenderun's Mystic Blast (dangerous; 4% risk of failure)
Confirm with . or Enter, or press ? or * to list all spells.
You erupt in a blast of force!
The mystic blast hits the water moccasin.
The water moccasin is severely wounded.
The water moccasin is knocked back by the mystic blast.
Unknown command.
Casting: Iskenderun's Mystic Blast (dangerous; 4% risk of failure)
Confirm with . or Enter, or press ? or * to list all spells.
You erupt in a blast of force!
The mystic blast hits the water moccasin!
You kill the water moccasin!
Sif Muna accepts your kill.
Unknown command.
Terff's ghost turns its malevolent gaze towards you.
The steam dragon breathes steam at you. The ball of steam misses you.
You see here 24 arrows.
You are engulfed in a cloud of scalding steam.
You die...

########..§§#§§#...
#.........§§§§§....
####.........D§§§§....
#..#....D###§§###.....
##.....§§##.####[##.###
#.......§#.#.# ...#####
#......§.#©....##....x#
##....§.##.^.∩. ..##.##
##...@## #.###.##:^ #.
##...## .#. ..^ ##.
#####...## #.©#[#.##..
#..#...(.### #...#...
#..<..(.......#.#..#...
#..#.........## #..###.
#..##....##### .. #x #.
#..# #...## .# #.##
#... #...#© # #.#


There were no monsters in sight!

Vanquished Creatures
  Grinder (D:5)
  Prince Ribbit (D:6)
  Sigmund (D:3)
  Edmund (D:6)
  A water moccasin (D:7)
  An orc warrior (D:6)
  An ice beast (D:6)
  2 black bears
  An ogre (D:4)
  3 centaurs
  A phantom (D:6)
  A bullfrog (D:7)
  6 water moccasin zombies (Ossuary)
  A bullfrog zombie (D:5)
  A centaur zombie (D:6)
  Crazy Yiuf (D:2)
  2 hounds
  4 orc priests
  A gnoll shaman (D:5)
  A bullfrog skeleton (D:6)
  2 iguanas
  Jessica (D:3)
  A centaur skeleton (D:6)
  4 orc wizards
  A hound skeleton (D:4)
  A hound zombie (D:5)
  2 mummies (Ossuary)
  Robin (D:3)
  3 adders
  A howler monkey skeleton (D:4)
  4 gnolls (D:5)
  A shadow imp (D:5)
  3 white imps
  An adder zombie (Ossuary)
  A worm (D:2)
  A dart slug (D:2)
  14 orcs
  3 ball pythons
  3 endoplasms
  4 giant cockroaches
  2 gnoll zombies (Ossuary)
  16 goblins
  4 hobgoblins (D:3)
  3 jackals (D:3)
  9 kobolds
  3 quokkas
  4 bats
  A goblin skeleton (D:4)
  2 goblin zombies
  12 hobgoblin zombies
  5 kobold zombies
  An orc skeleton (D:4)
  9 orc zombies
  5 rats
  A rat zombie (D:6)
161 creatures vanquished.

Notes
Turn   | Place    | Note
-------+----------+-------------------------------------------
     0 | D:1      | acdeimund the Human Conjurer began the quest for the Orb.
     0 | D:1      | Reached XP level 1. HP: 13/13 MP: 3/3
   172 | D:1      | Reached XP level 2. HP: 17/19 MP: 0/5
   344 | D:1      | Learned a level 2 spell: Searing Ray
   905 | D:2      | Reached XP level 3. HP: 24/24 MP: 3/6
   909 | D:2      | Learned a level 3 spell: Dazzling Flash
  1081 | D:2      | Found a sparkling altar of Nemelex Xobeh.
  1342 | D:2      | Found a faded altar of an unknown god.
  1405 | D:2      | Found Qenikhle's Antique Weapon Emporium.
  1670 | D:2      | Reached XP level 4. HP: 30/30 MP: 7/7
  1783 | D:2      | Reached XP level 5. HP: 29/35 MP: 4/9
  2190 | D:2      | Found a runed translucent door.
  2191 | D:2      | Noticed Crazy Yiuf
  2203 | D:2      | Killed Crazy Yiuf
  2564 | D:3      | Learned a level 4 spell: Iskenderun's Mystic Blast
  2986 | D:3      | Noticed Jessica
  3036 | D:3      | Found a blossoming altar of Fedhas.
  3037 | D:3      | Found a hide-covered altar of Uskayaw.
  3049 | D:3      | Noticed Sigmund
  3053 | D:3      | Found an iron altar of Okawaru.
  3188 | D:3      | Noticed Robin
  3200 | D:3      | Killed Robin
  3201 | D:3      | Reached skill level 1 in Translocations
  3256 | D:3      | Reached XP level 6. HP: 37/41 MP: 8/10
  3364 | D:3      | Killed Jessica
  3365 | D:3      | Reached skill level 5 in Conjurations
  3825 | D:3      | Found an ornate altar of the Wu Jian Council.
  4026 | D:3      | Killed Sigmund
  4027 | D:3      | Reached XP level 7. HP: 39/46 MP: 1/11
  4395 | D:4      | Found a glowing golden altar of the Shining One.
  4663 | D:4      | Reached skill level 6 in Conjurations
  4753 | D:4      | Found a shimmering blue altar of Sif Muna.
  4760 | D:4      | Became a worshipper of Sif Muna the Loreminder
  5202 | D:5      | Entered Level 5 of the Dungeon
  5298 | D:5      | Noticed Grinder
  5308 | D:5      | Killed Grinder
  5309 | D:5      | Reached skill level 5 in Translocations
  5309 | D:5      | Reached XP level 8. HP: 52/52 MP: 6/12
  5625 | D:5      | Reached skill level 1 in Fighting
  6718 | D:6      | Reached skill level 7 in Conjurations
  6839 | D:6      | Found a sand-covered staircase.
  6846 | Ossuary  | Entered an ossuary
  7073 | Ossuary  | Reached XP level 9. HP: 52/61 MP: 8/15
  7257 | Ossuary  | Reached * piety under Sif Muna
  7548 | Ossuary  | Learned a level 3 spell: Swiftness
  7624 | D:6      | Reached skill level 1 in Air Magic
  7970 | D:6      | Reached skill level 1 in Shields
  8049 | D:6      | Noticed Edmund
  8079 | D:6      | Killed Edmund
  8229 | D:6      | Noticed Prince Ribbit
  8240 | D:6      | Killed Prince Ribbit
  8459 | D:6      | Reached skill level 5 in Shields
  8497 | D:6      | Found a glowing silver altar of Zin.
  8643 | D:7      | Found a transporter.
  8648 | D:7      | Found a one-way gate to the infinite horrors of the Abyss.
  8648 | D:7      | Noticed terff's ghost (novice HuFi)
  8651 | D:7      | Found a transporter.
  8729 | D:7      | Noticed a toenail golem
  8732 | D:7      | Engulfed by a steam dragon's steam

Illustrated notes

Levels and vault maps discovered:
D:1:      mrwooster_arrival_statue_2, layout_rooms
D:2:      layout_basic, basic_altar, serial_shops, nicolae_shop_hallway_plus,
          shapermc_ecumenical_altar_ellora, uniq_crazy_yiuf_cottage
D:3:      wander_river, layout_rooms, old_standard_altar,
          gammafunk_temple_overflow_statue, lemuel_doored_altar, uniq_jessica,
          uniq_robin, uniq_sigmund
D:4:      layout_basic, lemuel_round_altar, nicolae_tso_besieged_by_evil,
          hangedman_abyss_or_decor_slice
D:5:      layout_basic, corexii_leaking_fountain, uniq_grinder
D:6:      layout_basic, zin_statuary, enter_ossuary_4, uniq_edmund,
          uniq_prince_ribbit1
D:7:      layout_cave_pools, nicolae_qazlal_style_of_elements, temple_pool_b,
          gammafunk_ghost_abyssal_escape

Skill      XL: |  1  2  3  4  5  6  7  8  9 |
---------------+----------------------------+-----
Stealth        | 3 4 |  4.7
Dodging        | 3 4 |  4.3
Spellcasting   | 3 4 |  4.8
Translocations | 1 3 5 |  5.0
Conjurations   | 5 6 7 |  7.5
Fighting       | 2 |  2.7
Air Magic      | 2 |  2.3
Shields        | 5 |  5.1

Action                   |  1- 3 |  4- 6 |  7- 9 || total
-------------------------+-------+-------+-------++-------
Melee: Dagger            |     8 |       |    40 ||    48
       Punch             |     1 |       |     1 ||     2
       Spear             |     4 |    15 |       ||    19
       Quarterstaff      |       |    17 |     2 ||    19
       Whip              |       |       |   136 ||   136
 Cast: Magic Dart        |    53 |    69 |   112 ||   234
       Searing Ray       |     1 |     4 |    14 ||    19
       Dazzling Flash    |       |     2 |       ||     2
       Iskenderun's Myst |       |     1 |    28 ||    29
       Swiftness         |       |       |     1 ||     1
  Use: Scroll            |       |     5 |    12 ||    17
 Stab: Sleeping          |     1 |     1 |     5 ||     7
Armor: Robe              |     1 |     5 |    37 ||    43
Dodge: Dodged            |    17 |    23 |   140 ||   180
Block: Buckler           |       |       |    15 ||    15
